 Dungeon Crawl Stone Soup version 0.19.1 (webtiles) character file.

11574 AAAAA the Martial Artist (level 11, -4/101 HPs)
             Began as a Demigod Wanderer on Nov 28, 2016.
             Slain by a black mamba (16 damage)
             ... on level 2 of the Lair of Beasts.
             The game lasted 00:25:54 (14941 turns).

AAAAA the Martial Artist (Demigod Wanderer)        Turns: 14941, Time: 00:25:55

Health: -4/101     AC: 10    Str: 17    XL:     11   Next: 26%
Magic:  17/17      EV: 14    Int: 16    God:
Gold:   598        SH:  0    Dex: 19    Spells: 0 memorised, 13 levels left

rFire  + . .     SeeInvis .       - Unarmed
rCold  + . .     Gourm    .     y - +0 ring mail {rF+}
rNeg   . . .     Faith    .     (no shield)
rPois  +         Spirit   .     r - +2 helmet
rElec  .         Reflect  .     I - +1 cloak
rCorr  .         Harm     .     (no gloves)
MR     +....                    (no boots)
Stlth  +.........               (no amulet)
                                S - ring of protection from cold
                                (no ring)

@: drained
A: claws 1, blink, high mp 1, poison resistance
a: Blink


You were on level 2 of the Lair of Beasts.
You were hungry.

You visited 2 branches of the dungeon, and saw 11 of its levels.
You also visited: Ossuary.

You collected 598 gold pieces.

Inventory:

Hand Weapons
 a - a +2 spear
 e - a +0 dagger
 v - a +1 blowgun
 K - the +9 mace "Dioleig" {antimagic, +Rage rC+ Dex+4}
   (You found it on level 6 of the Dungeon)

   It reduces the magical energy of the wielder, and disrupts the spells and
   magical abilities of those hit.
   Natural abilities and divine invocations are not affected.
   It affects your dexterity (+4).
   It protects you from cold.
   It lets you go berserk.
 N - a +2 quarterstaff of chaos
Missiles
 b - 4 curare-tipped needles
 t - 68 poisoned needles
Armour
 r - a +2 helmet (worn)
 s - a +1 scale mail of positive energy
 y - a +0 ring mail of fire resistance (worn)
 I - a +1 cloak (worn)
Magical Staves
 g - an uncursed staff of cold
Jewellery
 G - an uncursed ring of fire
 S - a ring of protection from cold (right claw)
Wands
 m - a wand of teleportation (6/9)
 D - a wand of random effects (31/48)
 E - a wand of acid (0/15)
 O - a wand of flame (28/48)
Scrolls
 k - 7 scrolls of remove curse
 p - 4 scrolls of magic mapping
 A - 3 scrolls of enchant weapon
 B - 4 scrolls of blinking
 C - 2 scrolls of amnesia
 P - 2 scrolls of identify
 Q - a scroll of immolation
Potions
 c - a potion of mutation
 d - a potion of cancellation {unknown}
 h - 2 potions of agility
 i - a potion of resistance {unknown}
 j - 2 potions of cure mutation
 z - 2 potions of heal wounds
 F - a potion of magic {unknown}
 J - 2 potions of degeneration {unknown}
 L - a potion of brilliance {unknown}
 R - a potion of might
Books
 n - a book of Misfortune

   Spells                             Type                      Level
   a - Confusing Touch                Hexes                        1
   b - Confuse                        Hexes                        3
   c - Gell's Gravitas                Hexes/Translocation          3
   d - Petrify                        Transmutation/Earth          4
   e - Metabolic Englaciation         Hexes/Ice                    5
   f - Yara's Violent Unravelling     Hexes/Transmutation          5
 w - a book of Conjurations

   Spells                             Type                      Level
   a - Magic Dart                     Conjuration                  1
   b - Searing Ray                    Conjuration                  2
   c - Dazzling Spray                 Conjuration/Hexes            3
   d - Fulminant Prism                Conjuration/Hexes            4
   e - Iskenderun's Mystic Blast      Conjuration                  4
   f - Iskenderun's Battlesphere      Conjuration/Charms           5
Comestibles
 f - 5 bread rations
 l - 3 chunks of flesh
 o - 4 meat rations


   Skills:
 * Level 10.8(10.1) Fighting
 - Level 1.0(0.4) Throwing
 + Level 5.4(4.8) Dodging
 - Level 1.7(1.2) Stealth
 * Level 11.8(11.1) Unarmed Combat
 - Level 1.7(1.2) Spellcasting
   Level 1.0(0.4) Translocations


You had 13 spell levels left.
You didn't know any spells.

Dungeon Overview and Level Annotations

Branches:
Dungeon (9/15)             Temple (0/1) D:6            Lair (2/6) D:9
  Swamp: Lair:2-4    Shoals: Lair:2-4     Snake: Lair:2-4    Spider: Lair:2-4
    Orc: D:9-12


Innate Abilities, Weirdness & Mutations

You have an increased reservoir of magic. (+10% MP)
You have sharp fingernails.
You can translocate small distances at will.
Your system is resistant to poisons. (rPois)


Message History

You hear a croak.
Unknown command.
Unknown command.
You feel much better. The two-headed ogre hits you. x2
* * * LOW HITPOINT WARNING * * *
Found a stone staircase leading up.
A black mamba and a spiny frog come into view.
The black mamba hisses angrily.
The black mamba bites you!
* * * LOW HITPOINT WARNING * * *
Found a ring mail and a bread ration.
Found a stone staircase leading down.
A water moccasin comes into view.
Blink to where?
Press: ? - help, Dir - move target cursor, f - black mamba, p - two-headed ogre
Aim: a black mamba
Okay, then.
The water moccasin hisses angrily.
The black mamba bites you!
You die...

#### # ###
##...#.#P
P#..######........
........##P.......
........#.@.......
........OS#.......
....>...#...F[...?
.......<##........
.........##.......
........#.#>......
........###..S....
........# ...%...
.....%... ...


You could see a black mamba, a spiny frog, a two-headed ogre and a water
moccasin.

Vanquished Creatures
  Pikel (D:5)
  The ghost of TheSquall the Cleaver, a novice MiBe of Trog (D:6)
  Maurice (D:9)
  2 black mambas (Lair:1)
  A komodo dragon (Lair:1)
  A hornet (D:8)
  The ghost of endorz the Archer, an amateur CeHu (D:4)
  Grinder (D:3)
  6 blink frogs (Lair:1)
  3 hippogriffs
  A basilisk (Lair:1)
  11 yaks (Lair:1)
  Eustachio (D:6)
  2 water moccasins (Lair:1)
  3 porcupines (Lair:1)
  An eye of draining (D:9)
  3 ice beasts (D:5)
  4 orc warriors
  2 phantoms (D:4)
  A necrophage (D:9)
  2 wolves (Lair:1)
  5 ogres
  3 centaurs
  2 big kobolds
  A crocodile (D:9)
  5 bullfrogs
  A water moccasin zombie (D:8)
  3 scorpions
  10 killer bees (D:8)
  10 wights
  4 howler monkeys
  3 crimson imps
  A centaur zombie (D:4)
  2 hounds
  A human zombie (Ossuary)
  A bullfrog skeleton (D:6)
  8 orc priests
  A centaur skeleton (D:8)
  2 jellies
  Crazy Yiuf (D:6)
  6 orc wizards
  An iguana (D:4)
  A worker ant (D:9)
  A big kobold zombie (Ossuary)
  2 mummies (Ossuary)
  A hound skeleton (D:9)
  9 adders
  A howler monkey skeleton (D:4)
  A shadow imp (D:5)
  3 oozes
  2 adder zombies
  2 adder skeletons
  2 worms
  2 dart slugs (D:1)
  3 leopard geckos
  19 orcs
  6 ball pythons
  5 giant cockroaches
  5 hobgoblins
  11 jackals
  2 quokkas
  6 bats
  5 frilled lizards
  4 goblins
  3 goblin zombies (Ossuary)
  9 hobgoblin zombies (Ossuary)
  2 jackal skeletons (D:6)
  2 jackal zombies (Ossuary)
  13 kobolds
  9 kobold zombies (Ossuary)
  8 orc zombies (Ossuary)
  A quokka skeleton (D:8)
  14 rats
  3 rat zombies (Ossuary)
  7 fungi (D:9)
  5 plants (D:9)
289 creatures vanquished.

Vanquished Creatures (collateral kills)
  A hippogriff (Lair:1)
  A wolf (Lair:1)
2 creatures vanquished.

Vanquished Creatures (others)
  2 slaves (D:5)
  A centaur (D:5)
  An orc wizard (D:5)
  2 adders (D:5)
  A shadow imp (D:5)
  A leopard gecko (D:5)
  3 orcs (D:5)
  2 giant cockroaches (D:5)
  5 fungi
  15 plants (Lair:1)
33 creatures vanquished.

Grand Total: 324 creatures vanquished

Notes
Turn   | Place    | Note
-------+----------+-------------------------------------------
     0 | D:1      | AAAAA the Demigod Wanderer began the quest for the Orb.
     0 | D:1      | AAAAA set off with: a +2 spear, a potion of curing, a potion of lignification, a +0 robe, a +0 dagger, a bread ration
     0 | D:1      | Reached XP level 1. HP: 18/18 MP: 5/5
    64 | D:1      | Reached skill level 1 in Unarmed Combat
    93 | D:1      | Reached XP level 2. HP: 25/25 MP: 7/7
   138 | D:1      | Reached skill level 2 in Unarmed Combat
   542 | D:1      | Reached XP level 3. HP: 17/30 MP: 8/8
   970 | D:2      | Noticed a water elemental
   972 | D:2      | Found a stormy altar of Qazlal.
   973 | D:2      | Noticed an air elemental
   974 | D:2      | Noticed an earth elemental
   974 | D:2      | Noticed a fire elemental
  1075 | D:2      | Reached skill level 3 in Unarmed Combat
  1642 | D:3      | Noticed a scorpion
  1658 | D:3      | Killed a scorpion
  1658 | D:3      | Reached skill level 4 in Unarmed Combat
  1658 | D:3      | Reached XP level 4. HP: 29/37 MP: 9/9
  1941 | D:3      | Noticed Grinder
  1954 | D:3      | Paralysed by Grinder for 6 turns
  1985 | D:3      | Paralysed by Grinder for 5 turns
  1995 | D:3      | Killed Grinder
  1995 | D:3      | Reached skill level 5 in Unarmed Combat
  1995 | D:3      | Reached XP level 5. HP: 18/42 MP: 10/10
  2287 | D:3      | Reached XP level 6. HP: 30/50 MP: 11/11
  2745 | D:5      | Entered Level 5 of the Dungeon
  2747 | D:5      | Noticed Pikel
  2774 | D:5      | Killed Pikel
  2774 | D:5      | Reached skill level 6 in Unarmed Combat
  2774 | D:5      | Reached XP level 7. HP: 17/60 MP: 12/12
  3184 | D:5      | Reached skill level 5 in Fighting
  3184 | D:5      | Reached skill level 7 in Unarmed Combat
  3251 | D:5      | Found a sand-covered staircase.
  3327 | Ossuary  | Entered an ossuary
  4206 | D:5      | Reached XP level 8. HP: 70/70 MP: 13/13
  4673 | D:4      | Noticed endorz's ghost (amateur CeHu)
  4702 | D:4      | Killed endorz's ghost
  4702 | D:4      | Reached skill level 8 in Unarmed Combat
  5596 | D:6      | Noticed TheSquall's ghost (novice MiBe)
  5783 | D:6      | Reached XP level 9. HP: 37/79 MP: 14/14
  5983 | D:6      | Reached skill level 9 in Unarmed Combat
  6674 | D:6      | Found a staircase to the Ecumenical Temple.
  6774 | D:6      | Got a slimy mace
  6775 | D:6      | Identified the +9 mace "Dioleig" {antimagic, +Rage rC+ Dex+4} (You found it on level 6 of the Dungeon)
  6898 | D:6      | Noticed Eustachio
  6912 | D:6      | Killed Eustachio
  6968 | D:6      | Found a runed door.
  7243 | D:6      | Killed TheSquall's ghost
  7451 | D:6      | Noticed Crazy Yiuf
  7455 | D:6      | Killed Crazy Yiuf
  7546 | D:7      | You fall through a shaft for 2 floors!
  7550 | D:9      | Found a staircase to the Lair.
  7696 | D:9      | Noticed Maurice
  8089 | D:9      | Found a blossoming altar of Fedhas.
  8851 | D:9      | Killed Maurice
  8851 | D:9      | Reached skill level 10 in Unarmed Combat
  9116 | D:8      | Found an opulent altar of Gozag.
  9213 | D:8      | Reached XP level 10. HP: 33/90 MP: 10/15
 10168 | D:8      | Paralysed by a hornet for 1 turns
 10812 | D:8      | Gained mutation: You can translocate small distances at will. [potion of mutation]
 10812 | D:8      | Gained mutation: You are frail. (-10% HP) [potion of mutation]
 10812 | D:8      | Gained mutation: You have sharp fingernails. [potion of mutation]
 10814 | D:8      | Lost mutation: You are frail. (-10% HP) [potion of mutation]
 10814 | D:8      | Gained mutation: You are frail. (-10% HP) [potion of mutation]
 10815 | D:8      | Gained mutation: Your system is resistant to poisons. (rPois) [potion of mutation]
 10815 | D:8      | Lost mutation: You are frail. (-10% HP) [potion of mutation]
 10834 | D:8      | HP: 4/91 [poisoned by a killer bee]
 10840 | D:8      | HP: 2/91 [poisoned by a killer bee]
 10846 | D:8      | HP: 2/91 [poisoned by a killer bee]
 10854 | D:8      | HP: 2/91 [poisoned by a killer bee]
 12120 | D:7      | Reached skill level 11 in Unarmed Combat
 12745 | Lair:1   | Entered Level 1 of the Lair of Beasts
 12844 | Lair:1   | Reached skill level 10 in Fighting
 13757 | Lair:1   | Reached skill level 5 in Dodging
 13757 | Lair:1   | Reached XP level 11. HP: 76/101 MP: 17/17
 14941 | Lair:2   | Slain by a black mamba

Skill      XL: |  1  2  3  4  5  6  7  8  9 10 |
---------------+-------------------------------+-----
Unarmed Combat | 1 2 4 5 6 7 8 10 11 | 11.8
Fighting       | 4 5 7 8 10 | 10.8
Dodging        | 3 5 |  5.4
Throwing       | |  1.0
Stealth        | |  1.7
Spellcasting   | |  1.7
Translocations | |  1.0

Action                   |  1- 3 |  4- 6 |  7- 9 | 10-12 || total
-------------------------+-------+-------+-------+-------++-------
Melee: Spear             |   149 |    54 |       |       ||   203
       Unarmed           |       |    25 |   441 |   510 ||   976
       Punch             |       |     3 |    28 |    33 ||    64
       Mace              |       |       |   129 |       ||   129
 Fire: Blowgun           |       |       |     3 |       ||     3
 Abil: Evoke Berserk Rag |       |       |     7 |       ||     7
Evoke: Wand              |       |       |     3 |     4 ||     7
       Box of beasts     |       |       |       |     1 ||     1
  Use: Potion            |     1 |     3 |     2 |     5 ||    11
       Scroll            |       |     8 |    12 |     7 ||    27
 Stab: Sleeping          |     7 |       |       |       ||     7
       Distracted        |       |       |       |     1 ||     1
  Eat: Chunk             |     2 |     4 |    20 |    16 ||    42
       Beef jerky        |       |       |     4 |       ||     4
       Pizza             |       |       |     1 |     1 ||     2
Armor: Robe              |    20 |       |       |       ||    20
       Skin              |       |    20 |     2 |       ||    22
       Ring mail         |       |    21 |   155 |   110 ||   286
Dodge: Dodged            |    78 |    35 |   271 |   247 ||   631
